 Dungeon Crawl Stone Soup version 0.31.0-32-g396128a36d (webtiles) character file.

Game seed: 14347115250904548194

618130 Alphaeus the Shapeless Octopus (level 27, -5/209 HPs)
             Began as an Octopode Shapeshifter on Mar 19, 2024.
             Was the Champion of Jiyva.
             Killed by divine providence
             ... invoked by a royal mummy
              (14 damage)
             ... on level 2 of the Tomb of the Ancients.
             The game lasted 02:02:02 (47966 turns).

Alphaeus the Shapeless Octopus (OpSh)              Turns: 47966, Time: 02:02:03

Health: -5/209     AC: 17    Str: 17 (19) XL:     27
Magic:  32/38      EV: 23    Int: 17      God:    Jiyva [******]
Gold:   5112       SH:  0    Dex: 19 (21) Spells: 26/26 levels left

rFire   + +          +
                       - Unarmed
rCold   + . .        d - +1 tower shield {rC+}
rNeg    + + +        B - +0 hat
rPois   ∞            I - amulet of Wihuw {Reflect Rampage Int-2 Dex+2 SH+5 SInv}
rElec   .            R - ring of the Octopus King {rF+ HP+2 AC+2 EV+2 SH+2}
rCorr   +            l - ring of Hupeluyk {rPois rN+ rCorr EV+5}
SInv    +            E - ring "Zoesyun" {rN++ MP+9}
Will    ++...        W - ring "Heric" {Will+ EV+5}
Stlth   +++++        c - +4 ring of protection
HPRegen 2.14/turn    j - ring of Beauty {Fire Will++}
MPRegen 1.06/turn    O - +4 ring of protection
                     P - +4 ring of protection

%: reflection, rampage
@: death-form, weak-willed, marked, calling ooze, on siphon cooldown, held,
slowed, very slow
A: vile attack, torment immunity, no potions, almost no armour, amphibious, 8
rings, camouflage 1, gelatinous body 2, (nimble swimmer 1), tentacles, antennae
1, tentacle spike 2, agile 2, clever 1, fire resistance 2, high MP 3, passive
freeze, shaggy fur 1, pseudopods 1
}: 4/15 runes: decaying, serpentine, slimy, silver
a: Siphon Essence, Begin Untransformation, Renounce Religion, Oozemancy, Slimify


You were on level 2 of the Tomb of the Ancients.
You worshipped Jiyva.
Jiyva was exalted by your worship.
You were an undying horror.
You visited 13 branches of the dungeon, and saw 57 of its levels.
You visited the Abyss 1 time.
You visited 2 bazaars.
You also visited: Trove, Ossuary, Gauntlet, Ice Cave, Wizlab and Desolation.

You collected 7579 gold pieces.
You spent 2467 gold pieces at shops.

Inventory:

Missiles
 m - 5 throwing nets (quivered)
Armour
 d - a +1 tower shield of cold resistance (worn)
 B - a +0 hat (worn)
Jewellery
 b - the ring "Orotz" {rElec rF+}
   (You found it in a treasure trove)

   [ring of protection from fire]

   rF+:       It protects you from fire.
   rElec:     It insulates you from electricity.
 c - a +4 ring of protection (on tentacle)
 j - the ring of Beauty (on tentacle) {Fire Will++}
   (You found it in a treasure trove)

   [ring of fire]

   Fire:      It enhances your fire magic.
   rF+:       It protects you from fire.
   rC-:       It makes you vulnerable to cold.
   Will++:    It greatly increases your willpower.
 l - the ring of Hupeluyk (right tentacle) {rPois rN+ rCorr EV+5}
   (You found it on level 3 of the Realm of Zot)

   [ring of evasion]

   EV+5:      It affects your evasion (+5).
   rPois:     It protects you from poison rN+: It protects you from negative
   energy.
   rCorr:     It protects you from acid and corrosion.
 E - the ring "Zoesyun" (on tentacle) {rN++ MP+9}
   (You found it in the Desolation of Salt)

   [ring of magical power]

   rN++:      It greatly protects you from negative energy.
   MP+9:      It affects your magic capacity (+9).
 I - the amulet of Wihuw (around mantle) {Reflect Rampage Int-2 Dex+2 SH+5 SInv}
   (You found it on level 4 of the Vaults)

   [amulet of reflection]

   Reflect:   It reflects blocked missile attacks.
   Int-2:     It affects your intelligence (-2).
   Dex+2:     It affects your dexterity (+2).
   SInv:      It lets you see invisible.
   SH+5:      It affects your SH (+5).
   Rampage:   It bestows one free step when moving towards enemies.
 M - a ring of protection from cold
 N - the ring of the Hero {rC+ Dex+4}
   (You found it in a Gauntlet)

   [ring of protection from cold]

   Dex+4:     It affects your dexterity (+4).
   rC+:       It protects you from cold.
 O - a +4 ring of protection (on tentacle)
 P - a +4 ring of protection (on tentacle)
 R - a ring of the Octopus King (left tentacle) {rF+ HP+2 AC+2 EV+2 SH+2}
   (You found it on level 3 of the Elven Halls)

   [ring of protection from fire]

   AC+2:      It affects your AC (+2).
   EV+2:      It affects your evasion (+2).
   rF+:       It protects you from fire.
   HP+2:      It affects your health (+2).
   SH+2:      It affects your SH (+2).
 W - the ring "Heric" (on tentacle) {Will+ EV+5}
   (You found it on level 3 of the Realm of Zot)

   [ring of evasion]

   EV+5:      It affects your evasion (+5).
   Will+:     It increases your willpower.
Talismans
 g - a dragon-blood talisman
 S - a granite talisman
 X - the storm talisman "Caynnaj" {rC+ Dex+2}
   (You found it on level 14 of the Dungeon)

   [storm talisman]

   Dex+2:     It affects your dexterity (+2).
   rC+:       It protects you from cold.
 Z - a talisman of death (active)
Wands
 k - a wand of charming (26)
 x - a wand of quicksilver (18)
 y - a wand of iceblast (52)
 F - a wand of digging (32)
 J - a wand of flame (91)
 T - a wand of mindburst (16)
Scrolls
 e - 6 scrolls of fear
 f - 5 scrolls of revelation
 h - 10 scrolls of teleportation
 i - 6 scrolls of vulnerability
 n - 11 scrolls of blinking
 r - 6 scrolls of poison
 t - a scroll of enchant armour
 u - 2 scrolls of fog
 D - 6 scrolls of immolation
 Y - 4 scrolls of torment
Potions
 a - 2 potions of might
 o - 19 potions of curing
 p - a potion of heal wounds
 q - a potion of enlightenment
 s - 4 potions of lignification
 v - 7 potions of resistance
 z - a potion of invisibility
 A - 8 potions of haste
 G - 3 potions of magic
 H - 4 potions of cancellation
 L - 8 potions of brilliance
 Q - 4 potions of berserk rage
 V - a potion of mutation
Miscellaneous
 w - a phantom mirror
 C - a lightning rod (2/4)
 K - a tin of tremorstones (2/2)
 U - a phial of floods (inert)


   Skills:
 * Level 22.3 Fighting
 - Level 10.6 Dodging
 - Level 6.5 Stealth
 - Level 20.4 Shields
 - Level 21.8 Unarmed Combat
 - Level 12.9 Evocations
 O Level 27 Shapeshifting


You had 26 spell levels left.
You didn't know any spells.
Your spell library contained the following spells:

 Spells                   Type           Power      Damage    Failure   Level
 Apportation              Tloc           0%         N/A       41%         1
 Freeze                   Ice            0%         1d3       41%         1
 Magic Dart               Conj           0%         1d3       41%         1
 Necrotise                Necr           0%         1d4       41%         1
 Shock                    Conj/Air       0%         1d3       41%         1
 Slow                     Hex            0%         N/A       41%         1
 Blink                    Tloc           0%         N/A       56%         2
 Call Imp                 Summ           0%         N/A       56%         2
 Cigotuvi's Dreadful Rot  Necr/Alch/Air  0%         N/A       56%         2
 Jinxbite                 Hex            0%         N/A       56%         2
 Mercury Vapours          Alch/Air       0%         N/A       56%         2
 Scorch                   Fire           0%         2d5       56%         2
 Static Discharge         Conj/Air       0%         3-3/arc   56%         2
 Confusing Touch          Hex            0%         N/A       80%         3
 Dazzling Flash           Conj/Hex       0%         N/A       80%         3
 Frozen Ramparts          Ice            0%         1d1       80%         3
 Gell's Gravitas          Tloc           0%         N/A       80%         3
 Hailstorm                Conj/Ice       0%         3d5       80%         3
 Mephitic Cloud           Conj/Alch/Air  0%         N/A       80%         3
 Sigil of Binding         Hex            0%         N/A       80%         3
 Stone Arrow              Conj/Erth      0%         3d7       80%         3
 Summon Ice Beast         Ice/Summ       0%         N/A       80%         3
 Teleport Other           Tloc           0%         N/A       80%         3
 Tukima's Dance           Hex            0%         N/A       80%         3
 Vampiric Draining        Necr           0%         2d6       80%         3
 Volatile Blastmotes      Fire/Tloc      0%         2d10      80%         3
 Airstrike                Air            0%         2d(0-16)  99%         4
 Anguish                  Hex/Necr       0%         N/A       99%         4
 Animate Dead             Necr           0%         N/A       99%         4
 Cause Fear               Hex            0%         N/A       99%         4
 Dimensional Bullseye     Hex/Tloc       0%         N/A       99%         4
 Flame Wave               Conj/Fire      0%         2d4       99%         4
 Fulminant Prism          Conj/Alch      0%         3d5       99%         4
 Ignite Poison            Fire/Alch      0%         N/A       99%         4
 Iskenderun's Mystic Bla  Conj/Tloc      0%         2d3       99%         4
 Manifold Assault         Tloc           0%         N/A       99%         4
 Martyr's Knell           Necr/Summ      0%         N/A       99%         4
 Passage of Golubria      Tloc           0%         N/A       99%         4
 Sticky Flame             Fire/Alch      0%         2d4       99%         4
 Summon Blazeheart Golem  Fire/Summ      0%         N/A       99%         4
 Vhi's Electric Charge    Tloc/Air       0%         N/A       99%         4
 Alistair's Intoxication  Alch           0%         N/A       100%        5
 Arcjolt                  Conj/Air       0%         1d10      100%        5
 Borgnjor's Vile Clutch   Necr/Erth      0%         N/A       100%        5
 Curse of Agony           Necr           0%         N/A       100%        5
 Freezing Cloud           Conj/Ice/Air   0%         6-21      100%        5
 Irradiate                Conj/Alch      0%         3d11      100%        5
 Iskenderun's Battlesphe  Conj           0%         2d6       100%        5
 Silence                  Hex/Air        0%         N/A       100%        5
 Summon Forest            Summ/Tloc      0%         N/A       100%        5
 Summon Mana Viper        Hex/Summ       0%         N/A       100%        5
 Yara's Violent Unravell  Hex/Alch       0%         3d3       100%        5
 Death Channel            Necr           0%         N/A       100%        6
 Dispersal                Tloc           0%         N/A       100%        6
 Eringya's Noxious Bog    Alch           0%         4d6       100%        6
 Sculpt Simulacrum        Ice/Alch       0%         N/A       100%        6
 Summon Cactus Giant      Summ           0%         N/A       100%        6
 Enfeeble                 Hex            0%         N/A       100%        7
 Malign Gateway           Summ/Tloc      0%         N/A       100%        7
 Monstrous Menagerie      Summ           0%         N/A       100%        7
 Summon Hydra             Summ           0%         N/A       100%        7
 Disjunction              Tloc           0%         N/A       100%        8
 Ignition                 Fire           0%         3d3       100%        8
 Maxwell's Capacitive Co  Air            0%         ∞         100%        8
 Summon Horrible Things   Summ           0%         N/A       100%        8
 Shatter                  Erth           0%         3d5*      100%        9
 Animate Armour           Summ/Erth      Unusable   N/A       N/A         4

Dungeon Overview and Level Annotations

Branches:
Dungeon (15/15)            Temple (1/1) D:4            Lair (5/5) D:10
  Swamp (4/4) Lair:2        Snake (4/4) Lair:3        Slime (5/5) Lair:5
    Orc (2/2) D:10            Elf (3/3) Orc:2        Vaults (5/5) D:14
  Crypt (3/3) Vaults:3       Tomb (2/3) Crypt:3      Depths (4/4) D:15
    Zot (4/5) Depths:4    Ossuary (visited)           IceCv (visited)
 WizLab (visited)         Desolation (visited)      Gauntlet (visited)

Altars:
Ashenzari
Cheibriados
Dithmenos
Elyvilon
Fedhas
Gozag
Hepliaklqana
Kikubaaqudgha
Makhleb
Nemelex Xobeh
Okawaru
Qazlal
Ru
Sif Muna
Trog
Uskayaw
Vehumet
Wu Jian
Xom
Yredelemnul
Zin
The Shining One
Jiyva

Shops:
D:3 (   D:5 !**=[   D:8 [   D:13 *   Orc:1 [   Orc:2 [*?(*   Elf:2 *   Elf:3 =
Snake:2 =::   Depths:4 ?

Portals:
Hell: Depths:1 Depths:2 Depths:3 Depths:4
Abyss: Depths:2 Depths:3 Depths:4
Ziggurat: Depths:4

Annotations:
Snake:2 3 transporters
Slime:2 Dissolution
Slime:5 Royal Jelly


Innate Abilities, Weirdness & Mutations

You are an undying horror.
Your melee and unarmed attacks drain, slow and weaken victims.
You are immune to unholy pain and torment.
You cannot drink.
You are immune to poison.
You cannot wear most types of armour.
You are amphibious.
You can wear up to eight rings at the same time.
Your skin changes colour to match your surroundings (Stealth+).
Your pliable body absorbs attacks. (AC +2, EV +2)
((You are camouflaged when in or above water. (Stealth+)))
You have tentacles for arms and can constrict up to eight enemies at once.
You have a pair of small antennae on your head.
One of your tentacles bears a nasty spike.
You are very agile. (Dex +8, Str/Int -2)
Your mind is acute. (Int +4, Str/Dex -1)
Your flesh is very heat resistant. (rF++)
You have a greatly increased reservoir of magic. (+30% MP)
A frigid envelope surrounds you and freezes all who hurt you.
You are covered in fur. (AC +1)
Armour fits poorly on your pseudopods.


Message History

The emperor scorpion is almost dead.
The emperor scorpion closely misses you.
The emperor scorpion barely misses you.
Blink to where?
Press: ? - help, Dir - move target, p - royal mummy
As you read the scroll of blinking, it crumbles to dust.
The emperor scorpion is no longer moving slowly.
The emperor scorpion is no longer weakened.
The wall burns the bennu!
You block the death scarab's attack.
A bennu comes into view.
The wall burns the emperor scorpion! x2; The mummy fails to trigger a net trap.
You block the death scarab's attack.
The walls burn the bennu!
The wall burns the emperor scorpion! x2
The death scarab attacks as it pursues you!
You block the death scarab's attack.
The wall burns the bennu!
You block the death scarab's attack.
The walls burn the bennu!
The bennu drops a net on you.
You avoid being caught in a net.
The wall burns the emperor scorpion!
The wall burns the shadow wraith!
The mummy priest calls down the wrath of its god upon you.
Something smites you!
* * * LOW HITPOINT WARNING * * *
The wall burns the emperor scorpion!
The wall burns the skeletal warrior!
A bennu comes into view.
The wall burns the centaur warrior zombie!
You block the centaur warrior zombie's attack.
The centaur warrior zombie misses you.
The wall burns the royal mummy!
As you read the scroll of fog, it dissolves into smoke.
You block the death scarab's attack.
The wall burns the emperor scorpion!
The wall burns the skeletal warrior!
The wall burns the emperor scorpion!
The royal mummy points at you and mumbles some strange words.
Something smites you!
* * * LOW HITPOINT WARNING * * *
The wall burns the bennu!
The wall burns the emperor scorpion!
The walls burn the mummy!
The mummy drops a net on you.
You become entangled in the net!
The wall burns the emperor scorpion!
The royal mummy mumbles some strange words.
The death scarab closely misses you.
The royal mummy gestures at you while chanting.
Something smites you!
You die... {{{ {{{{{

######################
....~B~§†ssssbBz§§...#
....##s##.szZWs§§§...#
. #Mss##M.sss##§...#
.BW~~z.B..sb####..#
...BsM.sMM.s.)..##..#
#...MM.MsM##.M......#
.##...Z.MMZb##........
......MZ.MMMz.........
...?MZ.§.§Wsss.#......


You could see 3 royal mummies, 13 emperor scorpions, 3 bennus, a mummy priest, a
skeletal warrior, a shadow wraith (summoned, invisible), 3 guardian mummies, a
spectral anaconda (summoned), 2 death scarabs, 2 mummies and a centaur warrior
zombie.

Vanquished Creatures
  An orb of fire (Zot:3)
  Mennas (Vaults:4)
  Mara (Vaults:2)
  4 ancient liches
  3 royal mummies
  Bai Suzhen (Snake:3)
  Boris (twice) (Depths:3 Crypt:2)
  Saint Roka (Snake:4)
  Vv (Zot:2)
  A Killer Klown (Zot:1)
  A curse toe (Zot:4)
  5 golden dragons
  Nikola (Depths:2)
  the Enchantress (Depths:1)
  2 electric golems (Zot:1)
  18 tentacled monstrosities
  A bone dragon (Crypt:3)
  Zenata (Vaults:2)
  5 liches
  Rupert (Orc:2)
  2 deep elf master archers (Elf:3)
  17 sphinxes
  5 quicksilver dragons
  6 titans (Vaults:5)
  A deep elf blademaster (Elf:2)
  2 tentacled starspawn (Abyss:2)
  3 ancient champions
  11 death cobs
  13 shadow dragons
  8 tengu reavers
  A thorn hunter (Swamp:4)
  15 storm dragons
  The ghost of Pumpkin69 the Warrior, an adept OpFi of Dithmenos (Swamp:2)
  3 fire giants
  3 protean progenitors
  4 fenstrider witches
  2 revenants
  2 imperial myrmidons (Desolation)
  5 draconian knights
  6 deep elf sorcerers
  7 draconian scorchers
  5 nagarajas
  7 draconian monks
  An iron dragon (Vaults:5)
  The ghost of Icun the Thaumaturge, a journeyman GnWr of Okawaru (Snake:3)
  6 ghost moths
  7 frost giants
  6 draconian shifters
  An emperor scorpion (D:15)
  3 deep elf elementalists (Elf:3)
  A reaper (Depths:4)
  10 vault wardens
  2 orc warlords (Orc:2)
  6 very ugly things
  2 ghouls
  7 draconian stormcallers
  A juggernaut zombie (Tomb:1)
  A cacodemon (Depths:3)
  6 draconian annihilators
  5 spriggan defenders
  7 vampire knights
  25 ironbound preservers
  12 stone giants
  A rockslime zombie (Crypt:2)
  6 green draconians
  7 deep elf demonologists
  6 eleionomae
  8 black draconians
  2 ironbound thunderhulks
  9 deep elf annihilators
  2 halazid warlocks (Desolation)
  Nessos (D:13)
  10 red draconians
  4 bunyips
  7 white draconians
  9 deep elf death magi
  9 war gargoyles
  8 yellow draconians
  5 dire elephants
  3 purple draconians
  5 eidola
  4 blizzard demons
  2 spark wasps (Depths:3)
  6 mummy priests (Tomb:1)
  11 ettins
  Josephine (D:13)
  7 fire dragons
  2 shambling mangroves
  An entropy weaver (Vaults:2)
  18 yaktaur captains
  5 jiangshi
  4 crystal guardians
  21 hydras
  5 deep elf high priests
  2 spriggan zombies
  4 rakshasas
  2 salamander tyrants
  A hell beast (Depths:2)
  5 ice dragons
  17 servants of whispers
  6 ragged hierophants (Desolation)
  A ghost crab (Swamp:4)
  29 vault guards
  3 ogre magi
  9 ironbound frosthearts
  3 spriggan air magi
  12 anacondas
  9 peacekeepers
  2 radroaches (Zot:4)
  A death knight (Vaults:3)
  A sphinx zombie (Vaults:2)
  A fenstrider witch skeleton (Crypt:2)
  7 boulder beetles
  6 centaur warriors
  34 dancing weapons
  A spriggan skeleton (Crypt:3)
  3 two-headed ogres
  12 alligators
  A hell hog (Depths:4)
  17 death scarabs
  2 vampire magi
  6 deep troll shamans
  13 death yaks
  21 naga warriors
  An orc high priest (Orc:2)
  3 spriggan berserkers (Depths:1)
  13 shock serpents
  11 naga sharpshooters
  4 deep troll earth magi
  3 occultists
  4 titan skeletons
  2 thrashing horrors
  5 soul eaters
  21 hell knights
  A titan zombie (Crypt:2)
  2 sun demons (Depths:3)
  2 wretched stars (Abyss:2)
  6 skysharks
  A spatial maelstrom (Abyss:2)
  9 sea snakes
  2 shadow wraiths (Crypt:2)
  2 sixfirhies (Zot:1)
  A spark wasp zombie (Crypt:1)
  22 deep elf knights
  7 goliath frogs
  8 iron trolls
  65 deep trolls
  12 skeletal warriors (Crypt:3)
  A spectral anaconda (Lair:5)
  A flayed ghost (Abyss:2)
  A shadow demon (Depths:3)
  7 swamp dragons
  2 anaconda zombies
  9 arcanists
  9 mana vipers
  7 spriggan druids
  11 deep elf archers
  7 phantasmal warriors
  An obsidian statue (Lair:5)
  3 orb spiders (Zot:4)
  A golden dragon skeleton (Crypt:2)
  5 naga ritualists
  An anaconda skeleton (Tomb:1)
  7 bog bodies
  24 deep elf zephyrmancers
  3 death drakes
  23 ironbound convokers
  11 lindwurms
  A sphinx simulacrum (Vaults:2)
  6 large abominations (Abyss:2)
  21 deep elf pyromancers
  5 lightning spires (Zot:1)
  46 ugly things
  9 harpies
  A stone giant zombie (Crypt:2)
  19 necromancers
  9 orc knights
  A shadow dragon skeleton (Crypt:2)
  A fire giant zombie (Vaults:2)
  A goliath frog zombie (Crypt:2)
  8 orc sorcerers
  18 salamanders
  7 cyclopes
  2 manticores
  13 guardian serpents
  23 moths of wrath
  3 will-o-the-wisps
  3 kobold blastminers (Orc:2)
  2 stone giant skeletons
  19 elephants
  2 human skeletons
  An elephant (shapeshifter) (Vaults:5)
  3 naga zombies
  A meliai (D:9)
  A rust devil (Abyss:2)
  4 smoke demons
  15 vault sentinels
  3 dire elephant zombies
  18 naga magi
  25 black mambas
  A dire elephant skeleton (Lair:5)
  An eleionoma skeleton (Crypt:1)
  A torpor snail (Gauntlet)
  2 orange demons
  8 cane toads
  2 gargoyles
  7 komodo dragons
  A kobold demonologist (D:13)
  A catoblepas zombie (Crypt:2)
  30 yaktaurs
  3 efreet
  A catoblepas skeleton (Crypt:1)
  2 tengu conjurers
  A red devil (Depths:3)
  4 freezing wraiths
  10 guardian mummies
  A death drake zombie (Crypt:1)
  4 hellwings
  4 harpy zombies
  6 polar bears
  7 trolls
  11 starcursed masses (Abyss:2)
  76 saltlings
  9 hornets
  2 harpy skeletons (Crypt:2)
  A guardian serpent zombie (Crypt:2)
  A tarantella zombie (Crypt:2)
  4 tyrant leeches
  7 blink frogs
  2 ettin zombies
  3 fire dragon zombies
  A radroach zombie (Crypt:2)
  A human simulacrum (Vaults:3)
  4 shadows
  A frost giant simulacrum (Vaults:3)
  A dire elephant simulacrum (Lair:5)
  2 ynoxinuls
  A spriggan (shapeshifter) (D:13)
  6 air elementals
  5 ushabtiu (Tomb:1)
  A satyr skeleton (Crypt:1)
  5 wyverns
  3 vampires
  8 spriggans
  7 water elementals
  11 wraiths
  19 humans
  2 fire bats (Abyss:2)
  44 yaks
  A black mamba skeleton (Crypt:2)
  2 fire elementals
  3 basilisks
  A basilisk (shapeshifter) (Elf:2)
  14 vampire mosquitoes
  A steam dragon (Lair:2)
  3 redbacks (Vaults:2)
  4 chaos spawn
  A neqoxec (Abyss:2)
  4 wargs
  A harpy simulacrum (Abyss:2)
  A glowing shapeshifter zombie (Vaults:2)
  13 swamp worms
  50 nagas
  A spectral cane toad (Lair:5)
  An acid dragon (D:13)
  13 water moccasins
  A naga skeleton (Crypt:3)
  A merfolk simulacrum (Tomb:1)
  25 orc warriors
  3 black bears
  2 swamp drakes (Swamp:4)
  2 ice beasts
  2 sky beasts
  44 laughing skulls
  11 ogres
  17 wolves
  6 centaurs
  2 elephant skeletons (Lair:5)
  A phantom (D:5)
  An elf zombie (Ossuary)
  6 kobold brigands
  5 necrophages
  2 gnoll sergeants
  8 bullfrogs
  3 glowing shapeshifter simulacra (IceCv)
  7 small abominations
  2 cane toad simulacra (Lair:5)
  6 scorpions
  2 naga simulacra
  A salamander skeleton (Crypt:2)
  5 earth elementals
  6 wights
  A swamp dragon simulacrum (Tomb:1)
  5 killer bees (D:9)
  12 howler monkeys
  6 electric eels
  2 quasits
  2 bombardier beetles
  5 lava snakes (Lair:2)
  5 human zombies
  A centaur skeleton (Crypt:2)
  2 hounds (D:5)
  15 orc priests
  3 iguanas
  18 orc wizards
  A scorpion zombie (Crypt:1)
  A sleepcap (D:3)
  7 hell rats (Lair:2)
  16 mummies
  A hound zombie (Ossuary)
  Robin (D:2)
  A gnoll (D:6)
  5 adders
  2 shadow imps
  2 white imps (D:8)
  5 ufetubi
  An adder zombie (Ossuary)
  A lava snake skeleton (Crypt:2)
  A ribbon worm (D:4)
  2 dart slugs
  66 orcs
  5 ball pythons
  14 bats
  6 giant cockroaches
  19 goblins
  7 hobgoblins
  2 quokkas
  A frilled lizard (D:2)
  2 goblin zombies
  2 hobgoblin skeletons (Crypt:2)
  A hobgoblin zombie (Ossuary)
  2 jackal zombies (Ossuary)
  13 kobolds
  2 kobold zombies (Ossuary)
  An orc zombie (Ossuary)
  5 rats
  A rat zombie (Ossuary)
  An aspiring flesh (Zot:1)
2237 creatures vanquished.

Vanquished Creatures (collateral kills)
  A minotaur (Gauntlet)
  A catoblepas (Lair:5)
  An ice dragon (D:12)
  2 death yaks (Lair:2)
  A boulder beetle (D:11)
  Nergalle (D:12)
  A cyclops (D:12)
  An elephant (Lair:5)
  An ice statue (IceCv)
  A troll (D:9)
  A hornet (D:8)
  2 vampire mosquitoes (D:12)
  A water moccasin (Lair:2)
  A great orb of eyes simulacrum (IceCv)
  An orc warrior (D:9)
  3 wights (D:7)
  A shapeshifter simulacrum (IceCv)
  An orc (D:9)
22 creatures vanquished.

Vanquished Creatures (others)
  A storm dragon (Zot:1)
  A fenstrider witch (Swamp:4)
  A nagaraja (Snake:4)
  2 vault wardens (Vaults:3)
  2 stone giants
  An ironbound preserver (Vaults:4)
  2 formless jellyfish
  2 ironbound thunderhulks (Vaults:1)
  A bunyip (Swamp:4)
  A black draconian (Zot:1)
  A dire elephant (Vaults:1)
  A fire dragon (shapeshifter) (Depths:4)
  3 yaktaur captains
  2 great orbs of eyes
  4 ironbound frosthearts
  An ice dragon (Depths:4)
  An anaconda (Snake:4)
  3 glowing orange brains
  2 arcanists
  A deep troll (Vaults:3)
  A death drake (shapeshifter) (Vaults:5)
  A harpy (Vaults:1)
  An ironbound convoker (Vaults:1)
  A deep elf pyromancer (D:14)
  A deep elf zephyrmancer (Elf:3)
  3 lindwurms
  A faun (shapeshifter) (Vaults:5)
  2 ugly things (Vaults:4)
  A manticore (D:14)
  A moth of wrath (Zot:3)
  2 vault sentinels
  An eye of devastation (shapeshifter) (Vaults:5)
  7 yaktaurs
  A glass eye (Depths:1)
  4 bloated husks
  A queen bee (shapeshifter) (D:9)
  46 slime creatures
  An air elemental (Zot:1)
  A shadow (D:9)
  A basilisk (shapeshifter) (D:9)
  A chaos spawn (Swamp:4)
  A naga (Snake:1)
  A redback (shapeshifter) (Vaults:2)
  A swamp worm (Swamp:4)
  A water moccasin (shapeshifter) (D:9)
  3 great orb of eyes simulacra (IceCv)
  2 water moccasins
  2 swamp drakes
  2 black bears
  2 laughing skulls (D:14)
  An elephant skeleton (Lair:5)
  A slime creature simulacrum (IceCv)
  A brain worm (shapeshifter) (Elf:1)
  2 glowing shapeshifter simulacra (IceCv)
  3 wights
  A polar bear skeleton (Crypt:1)
  2 electric eels
  271 jellies
  A hound (D:7)
  3 orc wizards
  3 shapeshifter simulacra (IceCv)
  An adder (D:3)
  3 ufetubi (D:6)
  A dart slug (D:2)
  A ribbon worm (shapeshifter) (Vaults:5)
  3 endoplasms
  8 orcs
  A bat skeleton (Crypt:1)
  A giant cockroach (D:2)
  A goblin (D:2)
  A hobgoblin (D:3)
  3 training dummies (Snake:1)
  A ball python (D:4)
  2 bats (D:2)
  A frilled lizard (D:2)
  5 kobolds
  2 rats (D:2)
  14 foxfires
  4 starspawn tentacles (Abyss:2)
469 creatures vanquished.

Grand Total: 2728 creatures vanquished

Notes
Turn   | Place    | Note
-------+----------+-------------------------------------------
     0 | D:1      | Alphaeus the Octopode Shapeshifter began the quest for the
                  | Orb.
     0 | D:1      | Reached XP level 1. HP: 13/13 MP: 1/1
    57 | D:1      | Reached XP level 2. HP: 18/18 MP: 2/2
    78 | D:1      | Found a faded altar of an unknown god.
   113 | D:1      | Prayed at the altar of an unknown god.
   113 | D:1      | Became a worshipper of Jiyva Jasmazew the Shapeless
   113 | D:1      | Reached * piety under Jiyva
   277 | D:1      | Reached XP level 3. HP: 23/23 MP: 3/3
   442 | D:2      | Noticed Robin
   466 | D:2      | Killed Robin
   467 | D:2      | Reached XP level 4. HP: 29/29 MP: 4/4
   498 | D:2      | Reached ** piety under Jiyva
   932 | D:3      | Reached XP level 5. HP: 30/34 MP: 5/5
   981 | D:3      | Reached skill level 4 in Shapeshifting
  1166 | D:3      | Found a broken altar of Ashenzari.
  1167 | D:3      | Found a burning altar of Makhleb.
  1167 | D:3      | Found a radiant altar of Vehumet.
  1168 | D:3      | Found a stormy altar of Qazlal.
  1215 | D:3      | Found Qownofec's Weapon Shoppe.
  1614 | D:4      | Reached *** piety under Jiyva
  1641 | D:4      | Reached XP level 6. HP: 38/41 MP: 6/6
  1763 | D:4      | Found a staircase to the Ecumenical Temple.
  1831 | D:4      | Found a bloodstained altar of Trog.
  1884 | D:4      | Gained mutation: Your natural rate of healing is unusually
                  | fast. [Jiyva's grace]
  1884 | D:4      | Gained mutation: You heal very quickly. [Jiyva's grace]
  1884 | D:4      | Gained mutation: You regenerate. [Jiyva's grace]
  1884 | D:4      | Gained mutation: You are covered in slimy tendrils that may
                  | disarm your opponents. [Jiyva's grace]
  1985 | Temple   | Entered the Ecumenical Temple
  2010 | D:5      | Entered Level 5 of the Dungeon
  2010 | D:5      | Noticed a water moccasin
  2019 | D:5      | Killed a water moccasin
  2020 | D:5      | Reached skill level 5 in Unarmed Combat
  2020 | D:5      | Reached XP level 7. HP: 38/45 MP: 7/7
  2073 | D:5      | Reached skill level 5 in Shapeshifting
  2259 | D:5      | Found Qiebb's General Store.
  2267 | D:5      | Bought a potion of curing for 36 gold pieces
  2315 | D:5      | Found Tepteara's Distillery.
  2317 | D:5      | Found Jucvesk's General Store.
  2528 | D:5      | Reached XP level 8. HP: 50/52 MP: 8/8
  2625 | D:5      | Found Vufollua's Jewellery Emporium.
  2729 | D:5      | Reached **** piety under Jiyva
  2734 | D:5      | Found Igar's Armour Boutique.
  2980 | D:6      | Found a sand-covered staircase.
  3005 | Ossuary  | Entered an ossuary
  3018 | Ossuary  | Reached skill level 6 in Shapeshifting
  3342 | D:6      | Found a blossoming altar of Fedhas.
  3343 | D:6      | Found a shadowy altar of Dithmenos.
  3430 | D:6      | Reached ***** piety under Jiyva
  3824 | D:7      | Reached XP level 9. HP: 59/59 MP: 9/9
  3902 | D:7      | Reached skill level 5 in Dodging
  3924 | D:7      | Reached skill level 7 in Shapeshifting
  4301 | D:7      | Got the Elucidation of Hexes and Ceraunoscopy
  4484 | D:8      | Noticed a hornet
  4491 | D:8      | Paralysed by a hornet for 2 turns
  4495 | D:8      | Killed a hornet
  4496 | D:8      | Reached skill level 5 in Fighting
  4540 | D:8      | Lost mutation: You regenerate. [Jiyva's grace]
  4540 | D:8      | Lost mutation: You heal very quickly. [Jiyva's grace]
  4540 | D:8      | Gained mutation: You have a small jelly attached to you
                  | that senses nearby items. [Jiyva's grace]
  4540 | D:8      | Gained mutation: You are robust. (+10% HP) [Jiyva's grace]
  4540 | D:8      | Gained mutation: You are very robust. (+20% HP) [Jiyva's
                  | grace]
  4540 | D:8      | Gained mutation: You are extremely robust. (+30% HP)
                  | [Jiyva's grace]
  4794 | D:8      | Found Qofipyri's Armour Shoppe.
  4803 | D:8      | Bought a +0 hat for 52 gold pieces
  4890 | D:8      | Noticed a lindwurm
  5277 | D:8      | Noticed a lindwurm
  5278 | D:8      | Noticed a lindwurm
  5289 | D:8      | Noticed a lindwurm
  5435 | D:9      | Noticed a troll
  5443 | D:9      | Killed a troll
  5444 | D:9      | Reached skill level 8 in Shapeshifting
  5444 | D:9      | Reached XP level 10. HP: 28/85 MP: 10/10
  5610 | D:9      | Identified the +12 morningstar of the Hierophant {flame,
                  | Str+3}
  5945 | D:9      | Noticed a meliai
  5950 | D:9      | Killed a meliai
  5982 | D:9      | Noticed an eight-headed hydra
  6001 | D:9      | Killed an eight-headed hydra
  6002 | D:9      | Reached skill level 9 in Shapeshifting
  6018 | D:9      | Noticed a two-headed ogre
  6048 | D:9      | Killed a two-headed ogre
  6049 | D:9      | Reached skill level 10 in Unarmed Combat
  6068 | D:9      | Reached ****** piety under Jiyva
  6114 | D:9      | Identified the +0 helmet of Opreugic {Str+5}
  6272 | D:9      | Lost mutation: You are covered in slimy tendrils that may
                  | disarm your opponents. [Jiyva's grace]
  6272 | D:9      | Lost mutation: You have a small jelly attached to you that
                  | senses nearby items. [Jiyva's grace]
  6272 | D:9      | Gained mutation: Your skin blends seamlessly with your
                  | surroundings (Stealth++). [Jiyva's grace]
  6272 | D:9      | Gained mutation: Your skin perfectly mimics your
                  | surroundings (Stealth+++). [Jiyva's grace]
  6272 | D:9      | Gained mutation: You are partially covered in iridescent
                  | scales. (AC +2) [Jiyva's grace]
  6272 | D:9      | Gained mutation: You are mostly covered in iridescent
                  | scales. (AC +4) [Jiyva's grace]
  6464 | D:10     | Entered Level 10 of the Dungeon
  6475 | D:10     | Reached XP level 11. HP: 96/96 MP: 11/11
  6574 | D:10     | Found a sparkling altar of Nemelex Xobeh.
  6608 | D:10     | Found a staircase to the Orcish Mines.
  6643 | D:10     | You fall into a shaft and drop 3 floors!
  6651 | D:13     | Noticed a boulder beetle
  6666 | D:13     | Killed a boulder beetle
  6701 | D:12     | Noticed a cyclops
  6710 | D:12     | Killed a cyclops
  6787 | D:12     | Found a frozen archway.
  6792 | D:12     | Noticed an ice dragon
  6799 | D:12     | Reached skill level 10 in Shapeshifting
  6825 | D:12     | Killed an ice dragon
  6841 | IceCv    | Entered an ice cave
  7005 | IceCv    | Noticed an azure jelly
  7040 | IceCv    | Noticed a quicksilver ooze
  7042 | IceCv    | Found a viscous altar of Jiyva.
  7181 | D:12     | Noticed a two-headed ogre
  7200 | D:12     | Killed a two-headed ogre
  7229 | D:12     | Noticed a red ugly thing
  7237 | D:12     | Killed a red ugly thing
  7271 | D:12     | Reached XP level 12. HP: 106/106 MP: 12/12
  7660 | D:12     | Noticed Nergalle
  7674 | D:12     | Killed Nergalle
  7707 | D:11     | Lost mutation: Your skin perfectly mimics your surroundings
                  | (Stealth+++). [Jiyva's grace]
  7707 | D:11     | Lost mutation: You are extremely robust. (+30% HP) [Jiyva's
                  | grace]
  7707 | D:11     | Lost mutation: You are very robust. (+20% HP) [Jiyva's
                  | grace]
  7707 | D:11     | Gained mutation: Your pliable body absorbs attacks. (AC +2,
                  | EV +2) [Jiyva's grace]
  7707 | D:11     | Gained mutation: Your gelatinous body deflects attacks. (AC
                  | +3, EV +3) [Jiyva's grace]
  7707 | D:11     | Gained mutation: You passively dampen the noise of your
                  | surroundings. [Jiyva's grace]
  7707 | D:11     | Gained mutation: You are agile. (Dex +4, Str/Int -1)
                  | [Jiyva's grace]
  7746 | D:11     | Reached skill level 11 in Shapeshifting
  7987 | D:11     | Noticed a boulder beetle
  8001 | D:11     | Killed a boulder beetle
  8096 | D:11     | Noticed a boulder beetle
  8097 | D:11     | Noticed an ogre mage
  8133 | D:11     | Killed a boulder beetle
  8146 | D:11     | Killed an ogre mage
  8153 | D:11     | Noticed a boulder beetle
  8217 | D:11     | Killed a boulder beetle
  8323 | D:11     | Noticed a boulder beetle
  8350 | D:11     | Killed a boulder beetle
  8820 | D:10     | Found a staircase to the Lair.
  9184 | Lair:1   | Entered Level 1 of the Lair of Beasts
  9233 | Lair:1   | Reached XP level 13. HP: 97/97 MP: 13/13
  9240 | Lair:1   | Reached skill level 12 in Shapeshifting
 10021 | Lair:2   | Lost mutation: You are mostly covered in iridescent scales.
                  | (AC +4) [Jiyva's grace]
 10021 | Lair:2   | Lost mutation: Your natural rate of healing is unusually
                  | fast. [Jiyva's grace]
 10021 | Lair:2   | Gained mutation: Your mind is acute. (Int +4, Str/Dex -1)
                  | [Jiyva's grace]
 10021 | Lair:2   | Gained mutation: Your mind is very acute. (Int +8, Str/Dex
                  | -2) [Jiyva's grace]
 10021 | Lair:2   | Gained mutation: You have acidic saliva. [Jiyva's grace]
 10021 | Lair:2   | Gained mutation: You expend magic power (3 MP) to
                  | strengthen your wands. [Jiyva's grace]
 10033 | Lair:2   | Found a gate leading to a gauntlet.
 10042 | Gauntlet | Entered a Gauntlet
 10042 | Gauntlet | Found a transporter.
 10051 | Gauntlet | Found a transporter.
 10058 | Gauntlet | Found a transporter.
 10058 | Gauntlet | Found a transporter.
 10060 | Gauntlet | Found a transporter.
 10088 | Gauntlet | Found a transporter.
 10096 | Gauntlet | Found a transporter.
 10112 | Gauntlet | Found a transporter.
 10131 | Gauntlet | Found a transporter.
 10143 | Gauntlet | Found a transporter.
 10155 | Gauntlet | Found a transporter.
 10167 | Gauntlet | Found a transporter.
 10181 | Gauntlet | Found a transporter.
 10197 | Gauntlet | Noticed a reaper
 10199 | Gauntlet | Found a transporter.
 10227 | Gauntlet | Found a transporter.
 10253 | Gauntlet | Found a transporter.
 10255 | Gauntlet | Found a transporter.
 10399 | Gauntlet | Found a transporter.
 10542 | Gauntlet | Identified the ring of the Hero {rC+ Dex+4}
 10635 | Gauntlet | Identified the ring "Tiureheo" {Ice MP-9 Int+4 SInv}
 10643 | Gauntlet | Noticed a minotaur
 10653 | Gauntlet | Killed a minotaur
 10974 | Lair:2   | Reached skill level 15 in Unarmed Combat
 11014 | Lair:2   | Found a staircase to the Swamp.
 11130 | Lair:2   | Reached skill level 13 in Shapeshifting
 11593 | Lair:3   | Reached XP level 14. HP: 107/107 MP: 14/14
 11801 | Lair:3   | Lost mutation: You passively dampen the noise of your
                  | surroundings. [Jiyva's grace]
 11801 | Lair:3   | Gained mutation: Your melee attacks may engulf your foes in
                  | ooze. [Jiyva's grace]
 11801 | Lair:3   | Gained mutation: Armour fits poorly on your pseudopods.
                  | [Jiyva's grace]
 11801 | Lair:3   | Gained mutation: Armour fits poorly on your large
                  | pseudopods. [Jiyva's grace]
 11801 | Lair:3   | Gained mutation: Armour fits poorly on your massive
                  | pseudopods. [Jiyva's grace]
 11818 | Lair:3   | Reached skill level 10 in Dodging
 12033 | Lair:3   | Reached skill level 10 in Fighting
 12349 | Lair:3   | Found a staircase to the Snake Pit.
 13177 | Lair:5   | Entered Level 5 of the Lair of Beasts
 13233 | Lair:5   | Found a viscous altar of Jiyva.
 13234 | Lair:5   | Found a staircase to the Slime Pits.
 13460 | Lair:5   | Reached skill level 14 in Shapeshifting
 13488 | Lair:5   | Reached skill level 1 in Stealth
 13652 | Lair:5   | Lost mutation: Your mind is very acute. (Int +8, Str/Dex
                  | -2) [Jiyva's grace]
 13652 | Lair:5   | Lost mutation: Your mind is acute. (Int +4, Str/Dex -1)
                  | [Jiyva's grace]
 13652 | Lair:5   | Lost mutation: You have acidic saliva. [Jiyva's grace]
 13652 | Lair:5   | Gained mutation: You have a small jelly attached to you
                  | that senses nearby items. [Jiyva's grace]
 13652 | Lair:5   | Gained mutation: You have hidden genetic potential.
                  | [Jiyva's grace]
 13652 | Lair:5   | Gained mutation: You have great hidden genetic potential.
                  | [Jiyva's grace]
 13652 | Lair:5   | Gained mutation: You are mostly covered in iridescent
                  | scales. (AC +4) [Jiyva's grace]
 13666 | Lair:5   | Noticed a dire elephant
 13683 | Lair:5   | Killed a dire elephant
 13725 | Lair:5   | Reached XP level 15. HP: 115/115 MP: 15/15
 14309 | Slime:1  | Entered Level 1 of the Pits of Slime
 14309 | Slime:1  | Noticed an acid blob
 14351 | Slime:1  | Noticed an acid blob
 14486 | Slime:2  | Noticed Dissolution
 14489 | Slime:2  | Found a viscous altar of Jiyva.
 14498 | Slime:2  | Noticed an acid blob
 14588 | Slime:3  | Noticed a rockslime
 14588 | Slime:3  | Noticed a rockslime
 14588 | Slime:3  | Noticed a rockslime
 14602 | Slime:3  | Noticed a rockslime
 14823 | Slime:3  | Noticed a rockslime
 14883 | Slime:4  | Noticed a rockslime
 14893 | Slime:4  | Noticed an acid blob
 14893 | Slime:4  | Noticed a rockslime
 14894 | Slime:4  | Noticed an acid blob
 14898 | Slime:4  | Noticed an azure jelly
 14933 | Slime:4  | Noticed an azure jelly
 15016 | Slime:4  | Noticed a rockslime
 15184 | Slime:5  | Entered Level 5 of the Pits of Slime
 15245 | Slime:5  | Noticed an azure jelly
 15259 | Slime:5  | Found a viscous altar of Jiyva.
 15263 | Slime:5  | Noticed an acid blob
 15264 | Slime:5  | Noticed the Royal Jelly
 15267 | Slime:5  | Identified the +8 mace "Epis" {elec, rElec Int+2}
 15287 | Slime:5  | Got a slimy rune of Zot
 15300 | Slime:5  | Noticed an azure jelly
 15317 | Slime:5  | Noticed an acid blob
 15328 | Slime:5  | Noticed an acid blob
 15331 | Slime:5  | Noticed an acid blob
 15387 | Slime:5  | Found the +8 arc blade {discharge, rElec}
 15398 | Slime:5  | Identified the +5 battleaxe of World's End {holy, Int+3}
 15464 | Slime:5  | Noticed an acid blob
 15465 | Slime:5  | Noticed an acid blob
 15613 | Slime:5  | Noticed an acid blob
 15798 | Slime:5  | Noticed a rockslime
 16281 | Orc:1    | Entered Level 1 of the Orcish Mines
 16281 | Orc:1    | Found Huriysu's Armour Shop.
 16333 | Orc:2    | Entered Level 2 of the Orcish Mines
 16395 | Orc:2    | Found Vopsys's Assorted Antiques.
 16431 | Orc:2    | Noticed an orc warlord
 16445 | Orc:2    | Killed an orc warlord
 16683 | Orc:2    | Found a staircase to the Elven Halls.
 16720 | Orc:2    | Noticed Rupert
 16735 | Orc:2    | Paralysed by Rupert for 4 turns
 16741 | Orc:2    | Killed Rupert
 16911 | Orc:2    | Reached skill level 5 in Stealth
 16976 | Orc:2    | Found Pigriur's Weapon Shoppe.
 16998 | Orc:2    | Found Qedoh's General Store.
 17026 | Orc:2    | Reached skill level 15 in Shapeshifting
 17044 | Orc:2    | Found Veeshuh's Armour Boutique.
 17076 | Orc:2    | Found Saqoepp's Magic Scroll Shop.
 17076 | Orc:2    | Noticed an orc warlord
 17118 | Orc:2    | Killed an orc warlord
 17156 | Orc:2    | Bought a scroll of acquirement for 572 gold pieces
 17186 | Orc:2    | Acquired 943 gold pieces
 17568 | D:8      | Identified the +0 hand axe of the Hills {venom, rC++ rN+
                  | rCorr}
 17659 | D:13     | Noticed Josephine
 17664 | D:13     | Gained mutation: Your system is resistant to poisons.
                  | (rPois) [hidden potential]
 17667 | D:13     | Killed Josephine
 17854 | D:13     | Found Hod Kefe's Elemental Accessories.
 17857 | D:13     | Noticed Nessos
 17876 | D:13     | Killed Nessos
 18063 | D:13     | Gained mutation: Your body has grown eyes which may confuse
                  | attackers. (Acc +3) [Jiyva's grace]
 18063 | D:13     | Gained mutation: Your body has grown many eyes which may
                  | confuse attackers. (Acc +5) [Jiyva's grace]
 18063 | D:13     | Gained mutation: Your body is covered in eyes which may
                  | confuse attackers. (Acc +7, SInv) [Jiyva's grace]
 18063 | D:13     | Gained mutation: You have acidic saliva. [Jiyva's grace]
 18567 | D:14     | Reached skill level 1 in Evocations
 18664 | D:14     | Reached XP level 16. HP: 124/124 MP: 16/16
 18682 | D:14     | Found a gate to the Vaults.
 18966 | D:14     | Identified the storm talisman "Caynnaj" {rC+ Dex+2}
 19279 | D:14     | Found a portal to a secret trove of treasure.
 19505 | D:15     | Entered Level 15 of the Dungeon
 19625 | D:15     | Lost mutation: Your skin blends seamlessly with your
                  | surroundings (Stealth++). [Jiyva's grace]
 19625 | D:15     | Lost mutation: You are agile. (Dex +4, Str/Int -1) [Jiyva's
                  | grace]
 19625 | D:15     | Lost mutation: You have acidic saliva. [Jiyva's grace]
 19625 | D:15     | Lost mutation: Your body is covered in eyes which may
                  | confuse attackers. (Acc +7, SInv) [Jiyva's grace]
 19625 | D:15     | Lost mutation: Armour fits poorly on your massive
                  | pseudopods. [Jiyva's grace]
 19625 | D:15     | Lost mutation: You have great hidden genetic potential.
                  | [Jiyva's grace]
 19625 | D:15     | Lost mutation: You expend magic power (3 MP) to strengthen
                  | your wands. [Jiyva's grace]
 19625 | D:15     | Gained mutation: Your mind is acute. (Int +4, Str/Dex -1)
                  | [Jiyva's grace]
 19625 | D:15     | Gained mutation: Your mind is very acute. (Int +8, Str/Dex
                  | -2) [Jiyva's grace]
 19625 | D:15     | Gained mutation: You are completely covered in iridescent
                  | scales. (AC +6) [Jiyva's grace]
 19625 | D:15     | Gained mutation: Your spells are a little harder to cast,
                  | but a little more powerful. [Jiyva's grace]
 20147 | D:15     | Found a staircase to the Depths.
 20446 | Elf:1    | Entered Level 1 of the Elven Halls
 20615 | Elf:1    | Reached skill level 16 in Shapeshifting
 20689 | Elf:1    | Paralysed by an air elemental for 1 turns
 20700 | Elf:1    | Gained mutation: You are covered in fur. (AC +1) [hidden
                  | potential]
 20700 | Elf:1    | Lost mutation: You have hidden genetic potential. [hidden
                  | potential expressed]
 20741 | Elf:1    | Got the Grimoire of Familiar Battle Magic
 21666 | Snake:1  | Entered Level 1 of the Snake Pit
 21685 | Snake:1  | Reached skill level 5 in Evocations
 21744 | Snake:1  | Reached XP level 17. HP: 75/133 MP: 17/17
 21809 | Snake:1  | Lost mutation: Your melee attacks may engulf your foes in
                  | ooze. [Jiyva's grace]
 21809 | Snake:1  | Gained mutation: Your body is covered in eyes which may
                  | confuse attackers. (Acc +7, SInv) [Jiyva's grace]
 21809 | Snake:1  | Gained mutation: You are agile. (Dex +4, Str/Int -1)
                  | [Jiyva's grace]
 21809 | Snake:1  | Gained mutation: You are very agile. (Dex +8, Str/Int -2)
                  | [Jiyva's grace]
 21809 | Snake:1  | Gained mutation: Your melee attacks may engulf your foes in
                  | ooze. [Jiyva's grace]
 21842 | Snake:1  | Found Humenac's Firing Range.
 22205 | Snake:2  | Found a transporter.
 22206 | Snake:2  | Found a transporter.
 22241 | Snake:2  | Reached skill level 1 in Shields
 22449 | Snake:2  | Found a transporter.
 22475 | Snake:2  | Found a transporter.
 22483 | Snake:2  | Found a transporter.
 22491 | Snake:2  | Found a transporter.
 22528 | Snake:2  | Found Ada Roh's Book Boutique.
 22530 | Snake:2  | Found Koqagey's Jewellery Emporium.
 22535 | Snake:2  | Found Xegizi's Book Boutique.
 22547 | Snake:2  | Bought a talisman of death for 1440 gold pieces
 23107 | Snake:3  | Found a large runed translucent door.
 23108 | Snake:3  | Found a large runed translucent door.
 23109 | Snake:3  | Noticed Icun's ghost (journeyman GnWr)
 23170 | Snake:3  | Found a flickering gateway to a bazaar.
 23179 | Bazaar   | Entered a bazaar
 23183 | Bazaar   | Found Paily's Book Boutique.
 23204 | Bazaar   | Found Arhuaf's Magic Scroll Shoppe.
 23226 | Bazaar   | Found Onel Hem's Book Boutique.
 23247 | Bazaar   | Found Qyklefau's Magic Scroll Emporium.
 23273 | Bazaar   | Bought a scroll of blinking for 90 gold pieces
 23273 | Bazaar   | Bought a scroll of blinking for 90 gold pieces
 23354 | Snake:3  | Reached skill level 17 in Shapeshifting
 23440 | Snake:3  | Lost mutation: You are very agile. (Dex +8, Str/Int -2)
                  | [Jiyva's grace]
 23440 | Snake:3  | Lost mutation: Armour fits poorly on your large pseudopods.
                  | [Jiyva's grace]
 23440 | Snake:3  | Lost mutation: You have a small jelly attached to you that
                  | senses nearby items. [Jiyva's grace]
 23440 | Snake:3  | Gained mutation: You have a pair of small antennae on your
                  | head. [Jiyva's grace]
 23440 | Snake:3  | Gained mutation: You have a pair of antennae on your head.
                  | [Jiyva's grace]
 23440 | Snake:3  | Gained mutation: You have a pair of large antennae on your
                  | head. (SInv) [Jiyva's grace]
 23440 | Snake:3  | Gained mutation: You passively map a small area around you.
                  | [Jiyva's grace]
 23649 | Snake:3  | Noticed Bai Suzhen
 23665 | Snake:3  | Killed Bai Suzhen
 23666 | Snake:3  | Reached skill level 5 in Shields
 24029 | Snake:3  | Killed Icun's ghost
 24068 | Snake:4  | Entered Level 4 of the Snake Pit
 24203 | Snake:4  | Reached XP level 18. HP: 140/140 MP: 18/18
 24566 | Snake:4  | Noticed Saint Roka
 24582 | Snake:4  | Killed Saint Roka
 24601 | Snake:4  | Reached skill level 18 in Shapeshifting
 24658 | Snake:4  | Got a serpentine rune of Zot
 24705 | Snake:4  | Identified the +9 mace of Shame {flame, +Blink Will+ Int+4}
 24875 | Snake:4  | Found a snail-covered altar of Cheibriados.
 25002 | Swamp:1  | Entered Level 1 of the Swamp
 25081 | Swamp:1  | Identified the staff of the Wilderness {rN+ Str-3 Int+6
                  | Conj}
 25241 | Swamp:1  | Lost mutation: Your mind is very acute. (Int +8, Str/Dex
                  | -2) [Jiyva's grace]
 25241 | Swamp:1  | Lost mutation: You passively map a small area around you.
                  | [Jiyva's grace]
 25241 | Swamp:1  | Gained mutation: You expend magic power (3 MP) to
                  | strengthen your wands. [Jiyva's grace]
 25241 | Swamp:1  | Gained mutation: You have acidic saliva. [Jiyva's grace]
 25241 | Swamp:1  | Gained mutation: Your mind is very acute. (Int +8, Str/Dex
                  | -2) [Jiyva's grace]
 25241 | Swamp:1  | Gained mutation: Your flesh is heat resistant. (rF+)
                  | [Jiyva's grace]
 25735 | Swamp:2  | Found a runed translucent door.
 25738 | Swamp:2  | Noticed Pumpkin69's ghost (adept OpFi)
 25785 | Swamp:2  | Killed Pumpkin69's ghost
 26308 | Swamp:3  | Reached XP level 19. HP: 148/148 MP: 19/19
 26319 | Swamp:3  | Paralysed by a fenstrider witch for 5 turns
 26404 | Swamp:3  | Reached skill level 10 in Shields
 26919 | Swamp:4  | Entered Level 4 of the Swamp
 26981 | Swamp:4  | Lost mutation: You have a pair of large antennae on your
                  | head. (SInv) [Jiyva's grace]
 26981 | Swamp:4  | Lost mutation: Your mind is very acute. (Int +8, Str/Dex
                  | -2) [Jiyva's grace]
 26981 | Swamp:4  | Lost mutation: You expend magic power (3 MP) to strengthen
                  | your wands. [Jiyva's grace]
 26981 | Swamp:4  | Lost mutation: Your melee attacks may engulf your foes in
                  | ooze. [Jiyva's grace]
 26981 | Swamp:4  | Gained mutation: You are resistant to electric shocks.
                  | (rElec) [Jiyva's grace]
 26981 | Swamp:4  | Gained mutation: Your spells are harder to cast, but more
                  | powerful. [Jiyva's grace]
 26981 | Swamp:4  | Gained mutation: Your spells are much harder to cast, but
                  | much more powerful. [Jiyva's grace]
 26981 | Swamp:4  | Gained mutation: You expend magic power (3 MP) to
                  | strengthen your wands. [Jiyva's grace]
 27020 | Swamp:4  | Identified the +5 short sword of Polifyo {freeze, rCorr
                  | Str+6 Stlth-}
 27138 | Swamp:4  | Reached skill level 19 in Shapeshifting
 27158 | Abyss:2  | Cast into level 2 of the Abyss (an occultist)
 27201 | Abyss:2  | Found a corrupted altar of Lugonu.
 27224 | Abyss:2  | Paralysed by accursed screaming for 1 turns
 27234 | Abyss:2  | Reached skill level 10 in Evocations
 27333 | Abyss:2  | Gained mutation: Your magical capacity is low. (-10% MP) [a
                  | neqoxec]
 27385 | Abyss:2  | Paralysed by accursed screaming for 1 turns
 27390 | Abyss:2  | Paralysed by accursed screaming for 2 turns
 27394 | Abyss:2  | Paralysed by accursed screaming for 2 turns
 27432 | Abyss:2  | Paralysed by accursed screaming for 2 turns
 27435 | Abyss:2  | Paralysed by accursed screaming for 2 turns
 27462 | Swamp:4  | Escaped the Abyss
 27740 | Swamp:4  | Found an ancient bone altar of Kikubaaqudgha.
 27884 | Swamp:4  | Got a decaying rune of Zot
 28286 | Elf:2    | Paralysed by an air elemental for 1 turns
 28289 | Elf:2    | Paralysed by an air elemental for 1 turns
 28308 | Elf:2    | Reached XP level 20. HP: 158/158 MP: 18/18
 28356 | Elf:2    | Paralysed by an air elemental for 1 turns
 28482 | Elf:2    | Found Kaziuq's Assorted Antiques.
 28485 | Elf:2    | Bought a scroll of blinking for 187 gold pieces
 28529 | Elf:2    | Found a runed translucent gate.
 28530 | Elf:2    | Found a runed translucent gate.
 28536 | Elf:2    | Found a runed translucent gate.
 29009 | Elf:2    | Reached skill level 15 in Fighting
 29023 | Elf:2    | Lost mutation: You are completely covered in iridescent
                  | scales. (AC +6) [Jiyva's grace]
 29023 | Elf:2    | Lost mutation: You are mostly covered in iridescent scales.
                  | (AC +4) [Jiyva's grace]
 29023 | Elf:2    | Lost mutation: Your magical capacity is low. (-10% MP)
                  | [Jiyva's grace]
 29023 | Elf:2    | Lost mutation: Your spells are much harder to cast, but
                  | much more powerful. [Jiyva's grace]
 29023 | Elf:2    | Lost mutation: Your spells are harder to cast, but more
                  | powerful. [Jiyva's grace]
 29023 | Elf:2    | Lost mutation: You have acidic saliva. [Jiyva's grace]
 29023 | Elf:2    | Lost mutation: Your body is covered in eyes which may
                  | confuse attackers. (Acc +7, SInv) [Jiyva's grace]
 29023 | Elf:2    | Lost mutation: Your gelatinous body deflects attacks. (AC
                  | +3, EV +3) [Jiyva's grace]
 29023 | Elf:2    | Gained mutation: Your skin blends seamlessly with your
                  | surroundings (Stealth++). [Jiyva's grace]
 29023 | Elf:2    | Gained mutation: Your skin perfectly mimics your
                  | surroundings (Stealth+++). [Jiyva's grace]
 29023 | Elf:2    | Gained mutation: Your muscles are strong. (Str +4, Int/Dex
                  | -1) [Jiyva's grace]
 29023 | Elf:2    | Gained mutation: Your muscles are very strong. (Str +8,
                  | Int/Dex -2) [Jiyva's grace]
 29146 | Elf:3    | Entered Level 3 of the Elven Halls
 29193 | Elf:3    | Found Uguik's Jewellery Shoppe.
 29835 | Elf:3    | Noticed a Tzitzimitl
 29838 | Elf:3    | Reached skill level 20 in Shapeshifting
 29847 | Elf:3    | Noticed a Tzitzimitl
 29900 | Elf:3    | Noticed a Tzitzimitl
 29995 | Elf:3    | Found the +9 scales of the Dragon King {rPois rF+ rC+
                  | Will+}
 30014 | Elf:3    | Identified the +0 ring mail "Tyqinui" {*Slow rN+ rCorr}
 30023 | Elf:3    | Identified the staff "Tuscha" {*Corrode rPois Dex+5
                  | Alchemy}
 30035 | Elf:3    | Identified the +7 halberd "Beetleslayer" {flame, +Blink
                  | rN++ rCorr Dex-5}
 30051 | Elf:3    | Found the ring of the Octopus King
 30054 | Elf:3    | Identified a ring of the Octopus King {rF+ HP+2 AC+2 EV+2
                  | SH+2}
 30088 | Elf:3    | Identified the +5 executioner's axe "Hydra's Demise"
                  | {spect, rF- Int+5}
 30115 | Elf:3    | Identified the +0 leather armour "Cecem" {Will- Int+7}
 30525 | Vaults:1 | Entered Level 1 of the Vaults
 30787 | Vaults:1 | Reached XP level 21. HP: 167/167 MP: 21/21
 30803 | Vaults:1 | Lost mutation: You have a pair of antennae on your head.
                  | [Jiyva's grace]
 30803 | Vaults:1 | Lost mutation: You are partially covered in iridescent
                  | scales. (AC +2) [Jiyva's grace]
 30803 | Vaults:1 | Lost mutation: You are agile. (Dex +4, Str/Int -1) [Jiyva's
                  | grace]
 30803 | Vaults:1 | Lost mutation: Your mind is acute. (Int +4, Str/Dex -1)
                  | [Jiyva's grace]
 30803 | Vaults:1 | Lost mutation: Your muscles are very strong. (Str +8,
                  | Int/Dex -2) [Jiyva's grace]
 30803 | Vaults:1 | Lost mutation: Your muscles are strong. (Str +4, Int/Dex
                  | -1) [Jiyva's grace]
 30803 | Vaults:1 | Lost mutation: Your body has grown many eyes which may
                  | confuse attackers. (Acc +5) [Jiyva's grace]
 30803 | Vaults:1 | Lost mutation: Armour fits poorly on your pseudopods.
                  | [Jiyva's grace]
 30803 | Vaults:1 | Gained mutation: You passively map a small area around you.
                  | [Jiyva's grace]
 30803 | Vaults:1 | Gained mutation: You passively map the area around you.
                  | [Jiyva's grace]
 30803 | Vaults:1 | Gained mutation: You passively map a large area around you.
                  | [Jiyva's grace]
 30803 | Vaults:1 | Gained mutation: You have a small jelly attached to you
                  | that may absorb projectiles. [Jiyva's grace]
 31484 | Vaults:2 | Found a crumbling gateway.
 31506 | Desolati | Entered the Desolation of Salt
 31664 | Desolati | Got Fytavaon's Teachings on the Decaying Bonfire
 31799 | Desolati | Reached skill level 15 in Shields
 31856 | Desolati | Reached skill level 21 in Shapeshifting
 31890 | Desolati | Identified the +8 chain mail "Udethid" {rN+ Dex-5 SInv}
 31929 | Desolati | Identified the +4 hand axe of Reity {venom, +Blink rF+
                  | rCorr}
 31941 | Desolati | Lost mutation: Your skin perfectly mimics your surroundings
                  | (Stealth+++). [Jiyva's grace]
 31941 | Desolati | Lost mutation: Your skin blends seamlessly with your
                  | surroundings (Stealth++). [Jiyva's grace]
 31941 | Desolati | Lost mutation: You expend magic power (3 MP) to strengthen
                  | your wands. [Jiyva's grace]
 31941 | Desolati | Gained mutation: You passively dampen the noise of your
                  | surroundings. [Jiyva's grace]
 31941 | Desolati | Gained mutation: You have acidic saliva. [Jiyva's grace]
 31941 | Desolati | Gained mutation: Your gelatinous body deflects attacks. (AC
                  | +3, EV +3) [Jiyva's grace]
 31941 | Desolati | Gained mutation: Your melee attacks may engulf your foes in
                  | ooze. [Jiyva's grace]
 32031 | Desolati | Identified the ring "Zoesyun" {rN++ MP+9}
 32125 | Desolati | Identified the +2 great sword "Ros Jut" {holy, rF+ Int+7}
 32128 | Desolati | Identified the +0 long sword "Jupsayg" {antimagic, rN+
                  | Str-3 Dex+7}
 32261 | Vaults:2 | Reached XP level 22. HP: 176/176 MP: 22/22
 32468 | Vaults:2 | Noticed Mara
 32475 | Vaults:2 | Noticed Alphaeus's illusion
 32487 | Vaults:2 | Killed Mara
 32788 | Vaults:2 | Noticed Zenata
 32800 | Vaults:2 | Killed Zenata
 33360 | Vaults:3 | Got the Handbook of Congealing Destruction
 33417 | Vaults:3 | Lost mutation: Your system is resistant to poisons. (rPois)
                  | [Jiyva's grace]
 33417 | Vaults:3 | Lost mutation: You are robust. (+10% HP) [Jiyva's grace]
 33417 | Vaults:3 | Lost mutation: You are resistant to electric shocks.
                  | (rElec) [Jiyva's grace]
 33417 | Vaults:3 | Lost mutation: Your body has grown eyes which may confuse
                  | attackers. (Acc +3) [Jiyva's grace]
 33417 | Vaults:3 | Gained mutation: You are partially covered in iridescent
                  | scales. (AC +2) [Jiyva's grace]
 33417 | Vaults:3 | Gained mutation: You are mostly covered in iridescent
                  | scales. (AC +4) [Jiyva's grace]
 33417 | Vaults:3 | Gained mutation: You are completely covered in iridescent
                  | scales. (AC +6) [Jiyva's grace]
 33417 | Vaults:3 | Gained mutation: You are agile. (Dex +4, Str/Int -1)
                  | [Jiyva's grace]
 33627 | Vaults:3 | Identified the +6 dire flail of the Wilderness {flame, Fly
                  | rPois Int+3}
 33945 | Vaults:3 | Found a staircase to the Crypt.
 34179 | Vaults:4 | Paralysed by a sphinx for 3 turns
 34184 | Vaults:4 | Reached skill level 22 in Shapeshifting
 34197 | Vaults:4 | Noticed Mennas
 34212 | Vaults:4 | Killed Mennas
 34230 | Vaults:4 | Found a flickering gateway to a bazaar.
 34240 | Bazaar   | Entered a bazaar
 34240 | Bazaar   | Found Vakhlora's Weapon Shoppe.
 34240 | Bazaar   | Found Tiwk's Assorted Antiques.
 34259 | Bazaar   | Found Qukhe's General Store.
 34291 | Bazaar   | Found Ypruiczecs's Distillery.
 34301 | Bazaar   | Found Xulio's Weapon Boutique.
 34495 | Vaults:4 | Identified the amulet of Wihuw {Reflect Rampage Int-2 Dex+2
                  | SH+5 SInv}
 34680 | Vaults:4 | Reached XP level 23. HP: 167/167 MP: 23/23
 35099 | Vaults:5 | Entered Level 5 of the Vaults
 35162 | Vaults:5 | Lost mutation: You passively map a large area around you.
                  | [Jiyva's grace]
 35162 | Vaults:5 | Lost mutation: You passively dampen the noise of your
                  | surroundings. [Jiyva's grace]
 35162 | Vaults:5 | Gained mutation: Armour fits poorly on your pseudopods.
                  | [Jiyva's grace]
 35162 | Vaults:5 | Gained mutation: Armour fits poorly on your large
                  | pseudopods. [Jiyva's grace]
 35162 | Vaults:5 | Gained mutation: Armour fits poorly on your massive
                  | pseudopods. [Jiyva's grace]
 35162 | Vaults:5 | Gained mutation: Your system is resistant to poisons.
                  | (rPois) [Jiyva's grace]
 35198 | Vaults:5 | Noticed a golden dragon
 35210 | Vaults:5 | Killed a golden dragon
 35212 | Vaults:5 | Noticed a golden dragon
 35226 | Vaults:5 | Killed a golden dragon
 35450 | Vaults:5 | Got the Elucidation of Mercurial Detritus
 35498 | Vaults:5 | Noticed an ancient lich
 35498 | Vaults:5 | Noticed an ancient lich
 35512 | Vaults:5 | Killed an ancient lich
 35515 | Vaults:5 | Killed an ancient lich
 35575 | Vaults:5 | Reached skill level 23 in Shapeshifting
 35690 | Vaults:5 | Got a silver rune of Zot
 35721 | Vaults:5 | Identified the +1 orcbow of the Vase {drain, rPois Str-5
                  | Stlth+}
 35821 | Vaults:5 | Identified the +5 war axe of the Dove {protect, rPois MP+9
                  | Str-4 Dex+2}
 35900 | Vaults:5 | Reached XP level 24. HP: 177/177 MP: 23/23
 36086 | Vaults:5 | Identified the +4 pair of gloves of Yesterday {rN++ Str+2
                  | Int+3 Dex-5}
 36334 | Vaults:5 | Noticed an ancient lich
 36342 | Vaults:5 | Killed an ancient lich
 36365 | Vaults:5 | Identified the +9 short sword of Blood-Lust {venom, *Slow
                  | rF++ rCorr SInv}
 36521 | Vaults:5 | Acquired 884 gold pieces
 37477 | Depths:1 | Entered Level 1 of the Depths
 37489 | Depths:1 | Noticed the Enchantress
 37498 | Depths:1 | Killed the Enchantress
 37802 | Depths:1 | Found the +5 scythe "Finisher" {speed, execute}
 37894 | Depths:1 | Found a gateway to Hell.
 38258 | Depths:2 | Found a one-way gate to the infinite horrors of the Abyss.
 38321 | Depths:2 | Lost mutation: You have a pair of small antennae on your
                  | head. [Jiyva's grace]
 38321 | Depths:2 | Lost mutation: You are completely covered in iridescent
                  | scales. (AC +6) [Jiyva's grace]
 38321 | Depths:2 | Lost mutation: You are agile. (Dex +4, Str/Int -1) [Jiyva's
                  | grace]
 38321 | Depths:2 | Lost mutation: Your flesh is heat resistant. (rF+) [Jiyva's
                  | grace]
 38321 | Depths:2 | Lost mutation: You passively map the area around you.
                  | [Jiyva's grace]
 38321 | Depths:2 | Lost mutation: Your gelatinous body deflects attacks. (AC
                  | +3, EV +3) [Jiyva's grace]
 38321 | Depths:2 | Lost mutation: Armour fits poorly on your massive
                  | pseudopods. [Jiyva's grace]
 38321 | Depths:2 | Lost mutation: Armour fits poorly on your large pseudopods.
                  | [Jiyva's grace]
 38321 | Depths:2 | Lost mutation: You have a small jelly attached to you that
                  | may absorb projectiles. [Jiyva's grace]
 38321 | Depths:2 | Gained mutation: Your flesh is heat resistant. (rF+)
                  | [Jiyva's grace]
 38321 | Depths:2 | Gained mutation: Your flesh is very heat resistant. (rF++)
                  | [Jiyva's grace]
 38321 | Depths:2 | Gained mutation: Your flesh is almost immune to the effects
                  | of heat. (rF+++) [Jiyva's grace]
 38321 | Depths:2 | Gained mutation: Your spells are harder to cast, but more
                  | powerful. [Jiyva's grace]
 38330 | Depths:2 | Noticed Nikola
 38338 | Depths:2 | Killed Nikola
 38398 | Depths:2 | You are sucked into a shaft and drop 1 floor!
 38398 | Depths:3 | Found a glowing golden altar of the Shining One.
 38655 | Depths:3 | Noticed Boris
 38666 | Depths:3 | Killed Boris
 38805 | Depths:3 | Identified the staff "Gaqec" {rF+ Dex+4 Stlth+ Fire}
 38806 | Depths:3 | Identified the +4 quick blade "Duthresh" {drain, rElec
                  | Will+}
 38911 | Depths:3 | Reached skill level 24 in Shapeshifting
 39174 | D:14     | You paid a toll of a +7 demon whip to enter a treasure
                  | trove
 39175 | Trove    | Entered a treasure trove
 39179 | Trove    | Identified the ring "Ixzittoe" {Str+6 Stlth+}
 39182 | Trove    | Identified the ring "Bemei" {MP+9 Dex+2}
 39186 | Trove    | Identified the ring of Deilonod {Fire rPois Will- Int+3
                  | Stlth+}
 39188 | Trove    | Identified the ring of Beauty {Fire Will++}
 39190 | Trove    | Identified the ring "Ypnett" {rF+ Int+6}
 39191 | Trove    | Identified the ring "Orotz" {rElec rF+}
 39195 | Trove    | Identified the ring "Waetz" {rN+ MP+9}
 39210 | Trove    | Identified the amulet of Ciudiliz {Acrobat Rampage rElec
                  | Regen+}
 39500 | Depths:4 | Entered Level 4 of the Depths
 39524 | Depths:4 | Found a shimmering altar of Xom.
 39525 | Depths:4 | Found a shimmering altar of Xom.
 39527 | Depths:4 | Found a shimmering altar of Xom.
 39528 | Depths:4 | Found a shimmering altar of Xom.
 39569 | Depths:4 | Found a magical portal.
 39575 | WizLab   | Entered Doroklohe's Tomb
 40115 | Depths:4 | Reached XP level 25. HP: 183/185 MP: 23/23
 40201 | Depths:4 | Lost mutation: You are mostly covered in iridescent scales.
                  | (AC +4) [Jiyva's grace]
 40201 | Depths:4 | Gained mutation: You have a pair of small antennae on your
                  | head. [Jiyva's grace]
 40201 | Depths:4 | Gained mutation: You have a pair of antennae on your head.
                  | [Jiyva's grace]
 40201 | Depths:4 | Gained mutation: You have a pair of large antennae on your
                  | head. (SInv) [Jiyva's grace]
 40201 | Depths:4 | Gained mutation: Your mind is acute. (Int +4, Str/Dex -1)
                  | [Jiyva's grace]
 40338 | Depths:4 | Found a one-way gateway to a ziggurat.
 40372 | Depths:4 | Found Eczep's Magic Scroll Shop.
 40619 | Depths:4 | Found a gate to the Realm of Zot.
 40624 | Depths:4 | Got a midnight gem with 450 turns to spare
 40626 | Zot:1    | Entered Level 1 of the Realm of Zot
 41081 | Zot:1    | Noticed a Killer Klown
 41103 | Zot:1    | Killed a Killer Klown
 41190 | Zot:1    | Reached skill level 25 in Shapeshifting
 41245 | Zot:1    | Identified the staff of Light {rElec rC+ rCorr Int-4 Dex+2
                  | Air}
 41247 | Zot:1    | Identified the staff of Context {rElec Int+3 Summ Air}
 41927 | Zot:2    | Lost mutation: You have a pair of large antennae on your
                  | head. (SInv) [Jiyva's grace]
 41927 | Zot:2    | Lost mutation: You are partially covered in iridescent
                  | scales. (AC +2) [Jiyva's grace]
 41927 | Zot:2    | Lost mutation: Your spells are harder to cast, but more
                  | powerful. [Jiyva's grace]
 41927 | Zot:2    | Gained mutation: You possess an exceptional clarity of
                  | mind. [Jiyva's grace]
 41927 | Zot:2    | Gained mutation: A frigid envelope surrounds you and
                  | freezes all who hurt you. [Jiyva's grace]
 41927 | Zot:2    | Gained mutation: You are agile. (Dex +4, Str/Int -1)
                  | [Jiyva's grace]
 41927 | Zot:2    | Gained mutation: You are very agile. (Dex +8, Str/Int -2)
                  | [Jiyva's grace]
 41927 | Zot:2    | Noticed Vv
 41951 | Zot:2    | Killed Vv
 42160 | Zot:2    | Reached XP level 26. HP: 159/195 MP: 23/23
 42931 | Zot:3    | Found a transporter.
 42944 | Zot:3    | Identified the staff of Inesmar {rPois rC+ rCorr Dex+4
                  | Alchemy}
 43055 | Zot:3    | Found a transporter.
 43296 | Zot:3    | Noticed an orb of fire
 43296 | Zot:3    | Lost mutation: You possess an exceptional clarity of mind.
                  | [an orb of fire]
 43309 | Zot:3    | Killed an orb of fire
 43336 | Zot:3    | Got Sif Muna's Exposition on the Flock and Argyropoeia
 43339 | Zot:3    | Identified the ring of Hupeluyk {rPois rN+ rCorr EV+5}
 43358 | Zot:3    | Identified the ring "Heric" {Will+ EV+5}
 43915 | Zot:4    | Reached skill level 26 in Shapeshifting
 44084 | Zot:4    | Lost mutation: You are very agile. (Dex +8, Str/Int -2)
                  | [Jiyva's grace]
 44084 | Zot:4    | Lost mutation: You passively map a small area around you.
                  | [Jiyva's grace]
 44084 | Zot:4    | Lost mutation: Your system is resistant to poisons. (rPois)
                  | [Jiyva's grace]
 44084 | Zot:4    | Lost mutation: Your pliable body absorbs attacks. (AC +2,
                  | EV +2) [Jiyva's grace]
 44084 | Zot:4    | Lost mutation: Your melee attacks may engulf your foes in
                  | ooze. [Jiyva's grace]
 44084 | Zot:4    | Gained mutation: You have an increased reservoir of magic.
                  | (+10% MP) [Jiyva's grace]
 44084 | Zot:4    | Gained mutation: You have a considerably increased
                  | reservoir of magic. (+20% MP) [Jiyva's grace]
 44084 | Zot:4    | Gained mutation: You have a greatly increased reservoir of
                  | magic. (+30% MP) [Jiyva's grace]
 44084 | Zot:4    | Gained mutation: Your pliable body absorbs attacks. (AC +2,
                  | EV +2) [Jiyva's grace]
 44594 | Crypt:1  | Entered Level 1 of the Crypt
 45601 | Crypt:2  | Noticed Boris
 45609 | Crypt:2  | Killed Boris
 45928 | Crypt:3  | Entered Level 3 of the Crypt
 46033 | Crypt:3  | Reached XP level 27. HP: 203/203 MP: 29/29
 46279 | Crypt:3  | Reached skill level 27 in Shapeshifting
 46329 | Crypt:3  | Identified the +8 battleaxe "Dehufy" {freeze, Int+6 Dex-3
                  | Stlth+}
 46756 | Crypt:3  | Found a staircase to the Tomb.
 46839 | Crypt:3  | Found an ancient bone altar of Kikubaaqudgha.
 46839 | Crypt:3  | Noticed an ancient lich
 46844 | Crypt:3  | Killed an ancient lich
 46867 | Crypt:3  | Identified the staff "Vistrett" {rPois rC+ Will- Stlth+
                  | Summ Alchemy}
 47033 | Tomb:1   | Entered Level 1 of the Tomb of the Ancients
 47111 | Tomb:1   | Lost mutation: You have a pair of antennae on your head.
                  | [Jiyva's grace]
 47111 | Tomb:1   | Lost mutation: You are agile. (Dex +4, Str/Int -1) [Jiyva's
                  | grace]
 47111 | Tomb:1   | Lost mutation: Your flesh is almost immune to the effects
                  | of heat. (rF+++) [Jiyva's grace]
 47111 | Tomb:1   | Lost mutation: Your spells are a little harder to cast, but
                  | a little more powerful. [Jiyva's grace]
 47111 | Tomb:1   | Lost mutation: You have acidic saliva. [Jiyva's grace]
 47111 | Tomb:1   | Gained mutation: You are agile. (Dex +4, Str/Int -1)
                  | [Jiyva's grace]
 47111 | Tomb:1   | Gained mutation: You are very agile. (Dex +8, Str/Int -2)
                  | [Jiyva's grace]
 47111 | Tomb:1   | Gained mutation: One of your tentacles bears a spike.
                  | [Jiyva's grace]
 47111 | Tomb:1   | Gained mutation: One of your tentacles bears a nasty spike.
                  | [Jiyva's grace]
 47220 | Tomb:1   | Noticed a royal mummy
 47228 | Tomb:1   | Killed a royal mummy
 47327 | Tomb:1   | Noticed a royal mummy
 47336 | Tomb:1   | Killed a royal mummy
 47924 | Tomb:2   | Noticed a royal mummy
 47926 | Tomb:2   | Noticed a royal mummy
 47926 | Tomb:2   | Noticed a royal mummy
 47927 | Tomb:2   | Noticed a royal mummy
 47933 | Tomb:2   | Noticed a royal mummy
 47956 | Tomb:2   | Killed a royal mummy
 47966 | Tomb:2   | HP: 9/209 [royal mummy/divine providence (11)]
 47966 | Tomb:2   | Killed from afar by a royal mummy

Illustrated notes

Levels and vault maps discovered:
D:1:      scummos_arrival_gate, layout_rooms,
          ebering_ecumenical_altar_sacrificial, item_on_display_a
D:2:      cheibrodos_helix_gallery, layout_basic, uniq_robin
D:3:      cheibrodos_pilgrimage, layout_loops_ring,
          chequers_temple_overflow_statue_of_worship, serial_shops,
          nicolae_shop_pleasant_corner_grove, kennysheep_generic_room_15
D:4:      layout_rooms, mainiacjoe_overflow_tiny_flanked,
          minmay_temple_entry_trees
D:5:      layout_basic, serial_shops, nicolae_shop_tiny_waterfront,
          nicolae_shop_tiny_waterfront, shop, shop, shop
D:6:      layout_loops_ring, minitemple, enter_ossuary_3, minivault_27,
          minmay_joined_circles
D:7:      layout_loops_ring, minmay_misc_feat_hallway, minivault_10
D:8:      layout_basic, serial_shops, shop, serial_demonic, serial_demonic_e,
          serial_demonic_g, serial_demonic_e, serial_demonic_c,
          minmay_lindwurm_lava
D:9:      minmay_the_grid_triangle_9x9_rhombus_thin_mashed
          [minmay_the_grid_triangle_9x9_from_above,
          minmay_the_grid_triangle_9x9_prize_top_heavy,
          minmay_the_grid_triangle_9x9_intruding_spiral,
          minmay_the_grid_triangle_9x9_empty], layout_basic
D:10:     layout_irregular_city, nemelex_spade_bored_becter,
          grunt_lair_entry_orc_guard_hut, orc_0_dummy
D:11:     layout_roguey, special_room [special_room_orc],
          dreamdust_princess_bridge, evilmike_minifort
D:12:     layout_roguey, portal_ice_cave_entry_animals_and_master, uniq_nergalle
D:13:     layout_stronghold, serial_glass, glass_columns_b, glass_columns_a,
          nicolae_elemental_shop, uniq_nessos, uniq_josephine
D:14:     layout_stronghold, grunt_vaults_entry_tiered, serial_park_fountain,
          trove_entry_hex_spiral, minmay_checkerbox
D:15:     hangedman_depths_entry_try_elsewhere_first, layout_loops_ring,
          chequers_serial_rivers_micro_b
Temple:   nicolae_temple_superstar
Lair:1:   layout_cave_pods, infiniplex_staircase_pool_2
Lair:2:   layout_small_grid, minmay_swamp_entry_worms, gauntlet_entry_generic,
          nicolae_lair_liquid_snakes
Lair:3:   layout_cave_pods, dummy_snake_entry
Lair:4:   layout_hall_layers, patterned_corridor, lemuel_fruit_fields,
          lemuel_fruit_tree
Lair:5:   due_jungle_book, layout_concentric_octagons, slime_entry_1,
          serial_bayou_ford_a
Swamp:1:  layout_basic_swamp, nicolae_swamp_bean_lake, hangedman_swamp_cone
Swamp:2:  layout_basic_swamp, ebering_ghost_inner_flame,
          hangedman_swamp_diagram, swamp_pool_1_2
Swamp:3:  nzn_winding_woodlands_small [nzn_winding_woodlands_5x15_lazy_stream,
          nzn_winding_woodlands_center_pierced_h,
          nzn_winding_woodlands_5x15_longhouse], layout_basic_swamp,
          nicolae_swamp_very_dense_foliage, swamp_pool_3,
          nicolae_swamp_baby_hydras, infiniplex_staircase_pool
Swamp:4:  nzn_swamp_witches_coven, layout_basic_swamp, swamp_pool_5,
          nicolae_swamp_godswood
Snake:1:  layout_onion_interference, grunt_ministairs_6, nrook_loot_triangle,
          nicolae_shop_firing_range, serial_bayou_shore_a
Snake:2:  layout_basic, serial_nicolae_subway, nicolae_sub_station_metal,
          nicolae_sub_station_crystal, nicolae_sub_station_stone,
          minmay_shop_grove
Snake:3:  layout_basic, ebering_ghost_disaster_area, serial_shops,
          bzr_entry_road, hangedman_snake_corridor_split,
          nicolae_triple_integral, uniq_bai_suzhen
Snake:4:  grunt_snake_rune_pools, layout_rooms, basic_altar,
          fake_guardian_serpent_vault, uniq_saint_roka
Slime:1:  layout_caves
Slime:2:  layout_caves, basic_altar, uniq_dissolution
Slime:3:  layout_caves, nicolae_slime_rock_hall_of_fame
Slime:4:  layout_caves
Slime:5:  slime_pit_nicolae_block_by_block
Orc:1:    layout_diamond_mine, basic_altar, serial_shops, shop
Orc:2:    hellmonk_orc_salted, layout_diamond_mine, basic_altar, serial_shops,
          shop, uniq_rupert
Elf:1:    layout_geoelf_octagon, serial_aquarium, aquarium_bridge_long_joined
          [aquarium_subvault_bridge, aquarium_subvault_bridge,
          aquarium_subvault_bridge, aquarium_subvault_bridge,
          aquarium_subvault_window, aquarium_subvault_balcony],
          aquarium_bridge_square [aquarium_subvault_bridge,
          aquarium_subvault_window, aquarium_subvault_window,
          aquarium_subvault_bridge], aquarium_window_fake, aquarium_window_2,
          aquarium_window_1, aquarium_view_2d, aquarium_view_2e,
          aquarium_pool_four, minmay_elf_sorcery, st_stairs_9
Elf:2:    elven_hall_of_blades_hangedman_original
          [nicolae_blade_entry_sentries_behind_glass], layout_rooms,
          serial_shops, nicolae_shop_tiny_real_fake_doors, serial_glass,
          glass_columns_c, glass_columns_c, glass_columns_b, glass_columns_c,
          glass_columns_c, glass_columns_a, due_unseen_surprise,
          feat_on_display, minmay_strange_pillars
Elf:3:    minmay_elf_hall_four_x, layout_onion_city, serial_shops,
          nicolae_shop_back_alley_shop
Vaults:1: grunt_vaults_trifunnel, vaults_mumra_chevron_long,
          nicolae_vaults_mini_display_case, nicolae_vaults_tetromino_Z_1,
          hangedman_vaults_slither, nicolae_vaults_little_squares_6,
          nicolae_vaults_ninety_degrees, v_misc_10, nicolae_vaults_diamond_1,
          nicolae_vaults_trapezoid_4, nicolae_vaults_variable_pillar_hall,
          v_misc_14, nicolae_vaults_tetromino_T_1, layout_vaults_maze_bifur
Vaults:2: portal_desolation_entry_nicolae_nacl, v_misc_28, v_misc_1,
          nicolae_vaults_arrows, nicolae_vaults_double_plus_3,
          vaults_room_corners, v_misc_25, nicolae_vaults_diffraction_hallways,
          ontoclasm_vaults_eye, v_misc_24, v_misc_28,
          nicolae_vaults_specimen_jars, nicolae_vaults_apartment_2,
          vaults_room_large_hall, nicolae_vaults_octothorpe,
          layout_vaults_omnibox, uniq_zenata, uniq_mara
Vaults:3: nicolae_vaults_surprise_closet, vaults_dpeg_cross,
          nicolae_vaults_tetromino_T_2, ontoclasm_vaults_twist,
          ontoclasm_vaults_fault, nicolae_vaults_wrenched,
          nicolae_vaults_asterisk, hangedman_vaults_nails,
          layout_vaults_omnigrid, minmay_crypt_entry_simple_box
Vaults:4: v_alt_pattern_2, vaults_room_hallway,
          nicolae_vaults_doubleplus_tesselated, vaults_room_pools, v_pattern_1,
          v_misc_17, nicolae_vaults_closet_pinwheel_1,
          hangedman_vaults_stretched_pinwheel, layout_vaults_omnicross,
          serial_shops, bzr_entry_customers, uniq_mennas
Vaults:5
Crypt:1:  layout_catacombs, minmay_misc_feat_columns, grunt_crypt_arrival_webbed
Crypt:2:  layout_chaotic_city
Crypt:3:  cryptofortress_bobbens
Tomb:1
Tomb:2
Depths:1: layout_cave_pools, pf_hell_entry_tar_spiral, minmay_misc_feat_plants,
          minmay_fountain_box, nrook_campfire, due_unseen_surprise,
          uniq_enchantress
Depths:2: minmay_sliced_demisemicircle, layout_twisted_cross, serial_glass,
          glass_columns_a, glass_columns_a, grunt_mini_vestibule, pan_entry,
          abyss_entry, serial_bayou_shore_b, uniq_nikola
Depths:3: kennysheep_demon_jail, layout_basic, hell_entry, basic_altar,
          abyss_entry_glasseish, corexii_leaking_fountain,
          minmay_staircase_windowed_small, uniq_boris
Depths:4: grunt_zot_entry_pinwheel, layout_gridlike, ziggurat_fallback,
          abyss_entry, serial_shops, nicolae_shop_just_a_little_nook,
          xom_redecorated, hellmouth_1, infiniplex_enter_wizlab_spiral,
          minmay_misc_feat_iff, serial_bayou_shore_b, uniq_josephina
Zot:1:    infiniplex_zot_generator, layout_cathedral_of_symmetry,
          skrybe_zot_glass_2
Zot:2:    kennysheep_ambush_hall, layout_cathedral_of_symmetry, uniq_vv
Zot:3:    gammafunk_its_a_trap, layout_misc_corridors,
          regret_index_zotdec_obsidian_hm, regret_index_zotdec_misc_clamp
Zot:4:    nicolae_zot_stationary_front, layout_twisted_circle

Skill      XL: |  1  2  3  4  5  6  7  8  9 10 11 12 13 14 15 16 17 18 19 20 21 22 23 24 25 26 27 |
---------------+----------------------------------------------------------------------------------+-----
Fighting       | 2 3 4 5 6 7 8 9 10 11 12 13 14 15 16 17 18 19 20 22 | 22.3
Unarmed Combat | 4 5 7 8 10 11 13 15 17 19 20 21 | 21.8
Shapeshifting  | 4 5 6 8 9 10 11 13 14 15 16 17 18 19 20 21 22 23 24 25 26 27 | 27.0
Dodging        | 3 4 5 6 7 8 9 10 | 10.6
Stealth        | 2 6 |  6.5
Evocations     | 1 5 7 9 10 11 12 | 12.9
Shields        | 6 9 11 13 15 17 18 20 | 20.4

Action                     |  1- 3 |  4- 6 |  7- 9 | 10-12 | 13-15 | 16-18 | 19-21 | 22-24 | 25-27 || total
---------------------------+-------+-------+-------+-------+-------+-------+-------+-------+-------++-------
  Melee: Unarmed           |    83 |    94 |   229 |   494 |   921 |   808 |   942 |  1031 |  1140 ||  5742
         Constrict         |    11 |    25 |    49 |    66 |   127 |   108 |   161 |   122 |     5 ||   674
         Tentacles         |     8 |    17 |    52 |   153 |   288 |   207 |   254 |   276 |    13 ||  1268
         Punch             |     4 |     6 |     8 |    21 |   151 |   138 |   164 |   209 |   197 ||   898
         Maw               |       |       |       |   131 |   397 |    80 |       |       |       ||   608
         Bite              |       |       |       |       |    84 |    35 |    75 |   155 |       ||   349
         Pseudopods        |       |       |       |       |   204 |   224 |   150 |   129 |     7 ||   714
         Kick              |       |       |       |       |       |       |       |       |    16 ||    16
 Invoke: Oozemancy         |       |       |       |       |       |     1 |     2 |     1 |     1 ||     5
Ability: Siphon Essence    |       |       |       |       |       |       |       |       |     1 ||     1
  Evoke: Wand              |       |       |       |     1 |       |       |     1 |       |     1 ||     3
         Lightning rod     |       |       |       |       |       |       |       |     2 |     2 ||     4
         Phial of floods   |       |       |       |       |       |       |       |     1 |     1 ||     2
    Use: Potion            |     1 |       |     9 |     4 |     6 |     1 |     3 |     6 |     3 ||    33
         Scroll            |       |       |     1 |    11 |     3 |     5 |     2 |    15 |     4 ||    41
   Stab: Sleeping          |     4 |     4 |     4 |     8 |    21 |    29 |    24 |    17 |    15 ||   126
         Distracted        |       |       |       |       |     3 |     4 |     1 |     7 |     5 ||    20
         Confused          |       |       |       |       |     2 |    41 |    31 |     1 |       ||    75
 Armour: Skin              |    52 |    40 |   171 |   184 |   375 |   611 |   646 |   649 |   260 ||  2988
  Dodge: Dodged            |    50 |    64 |   207 |   418 |   907 |   886 |   988 |   924 |  1209 ||  5653
  Block: Other             |       |       |       |       |       |   151 |    75 |    24 |   203 ||   453
         Reflection        |       |       |       |       |       |    14 |    59 |    39 |     2 ||   114
         Tower shield      |       |       |       |       |       |       |  1051 |  1570 |   153 ||  2774
   Form: Flux              |       |       |     1 |       |       |       |       |       |       ||     1
         Maw               |       |       |       |     1 |       |       |       |       |       ||     1
         Statue            |       |       |       |       |       |     1 |       |       |       ||     1
         Storm             |       |       |       |       |       |       |       |     1 |       ||     1
         Death             |       |       |       |       |       |       |       |       |     1 ||     1
